 Dungeon Crawl Stone Soup version 0.30.0-5-g1a98f26d00 (webtiles) character file.

Game seed: 1712034650513950425

25 ChrisAssaf the Sneak (level 2, -5/12 HPs)
             Began as a Felid Fire Elementalist on May 10, 2023.
             Slain by a goblin
             ... wielding a +0 mace
              (6 damage)
             ... on level 2 of the Dungeon.
             The game lasted 00:02:14 (407 turns).

ChrisAssaf the Sneak (Felid Fire Elementalist)       Turns: 407, Time: 00:02:15

Health: -5/12      AC:  1    Str:  4    XL:     2   Next: 86%
Magic:  0/6        EV: 17    Int: 16    God:
Gold:   31         SH:  0    Dex: 16    Spells: 2/5 levels left
                                        Lives:  0   Deaths: 0

rFire   . . .        (weapon unavailable)
rCold   + . .        (shield unavailable)
rNeg    . . .        (body armour unavailable)
rPois   .            (helmet unavailable)
rElec   .            (cloak unavailable)
rCorr   .            (gloves unavailable)
SInv    +            (boots unavailable)
Will    .....        (no amulet)
Stlth   ++           d - ring of protection from cold
HPRegen 0.22/turn    (no ring)
MPRegen 0.10/turn

%: no passive effects
@: lethally poisoned (-5 -> -7), very slightly contaminated, quick
A: very small, claws 1, fangs 3, see invisible, speed 1, shaggy fur 1, stealthy
paws, no weapons or thrown items, no armour, multi-lived
a: no special abilities


You were on level 2 of the Dungeon.
You visited 1 branch of the dungeon, and saw 2 of its levels.

You collected 31 gold pieces.

Inventory:

Jewellery
 d - a ring of protection from cold (left paw)
Scrolls
 a - a scroll of torment {unknown}
 b - a scroll of poison {unknown}
 c - a scroll of magic mapping {unknown}


   Skills:
 * Level 0.5 Fighting
 * Level 2.8 Dodging
 * Level 3.0 Stealth
 * Level 0.2 Unarmed Combat
 * Level 2.2 Spellcasting
 * Level 1.3 Conjurations
 * Level 3.0 Fire Magic


You had 2 spell levels left.
You knew the following spells:

 Your Spells              Type           Power      Damage    Failure   Level
a - Foxfire               Conj/Fire      32%        2x1d5     9%          1
b - Scorch                Fire           22%        2d6       9%          2

Your spell library contained the following spells:

 Spells                   Type           Power      Damage    Failure   Level
 Inner Flame              Hex/Fire       6%         N/A       32%         3
 Volatile Blastmotes      Fire/Tloc      12%        2d11      32%         3
 Flame Wave               Conj/Fire      8%         2d5       63%         4


Dungeon Overview and Level Annotations

Branches:
Dungeon (2/15)

Altars:


Innate Abilities, Weirdness & Mutations

You have sharp claws.
You have razor-sharp teeth.
You have supernaturally acute eyesight. (SInv)
You cover ground quickly. (Speed+)
You are covered in fur. (AC +1)
Your paws help you pounce on unaware monsters.
You are incapable of wielding weapons or throwing items.
You cannot wear armour.
You gain extra lives every three experience levels.


Message History

The adder is severely wounded.
The goblin completely misses you. The adder barely misses you.
You barely miss the adder. Your bite misses the adder.
The adder is severely wounded.
The adder misses you.
The ball python bites you but does no damage.
The ball python completely misses you. The goblin hits you with a +0 mace.
The adder bites you. The ball python completely misses you.
The ball python barely misses you.
Casting: Scorch (safe; 9% risk of failure)
Confirm with . or Enter, or press ? or * to list all spells.
You miscast Foxfire.
You are very lightly contaminated with residual magic.
Nothing appears to happen.
The goblin closely misses you. The adder bites you.
You are poisoned.
The adder poisons you! The ball python closely misses you. x2
Casting: Foxfire (safe; 9% risk of failure)
Confirm with . or Enter, or press ? or * to list all spells.
You don't have enough magic to cast this spell.
Unknown command.
You aren't carrying any potions.
Unknown command.
You barely miss the adder. You bite the adder, but do no damage.
The adder is severely wounded.
You feel sick.
A ball python comes into view.
The goblin completely misses you. The adder barely misses you.
The ball python bites you.
* * * LOW HITPOINT WARNING * * *
The ball python barely misses you.
You barely miss the adder.
The ball python hisses angrily.
Your bite misses the adder.
The adder is severely wounded.
* * * LOW HITPOINT WARNING * * *
You feel sick. The adder bites you.
* * * LOW HITPOINT WARNING * * *
The goblin hits you with a +0 mace.
Ouch! That really hurt!
You die...

###.### #≈≈~~~ ......#
##.~≈≈≈≈≈ ...#.# #~≈~≈≈≈≈ #
#..#.###≈≈≈≈≈≈≈ ≈≈
#..#.##≈≈≈≈#####≈≈~
#..#<..≈≈≈≈#...#≈≈≈
####..#..#≈≈≈≈#._.#≈≈≈
###...S.....~≈≈≈#...#≈≈~
#.....S@...#.~≈≈##'##≈≈≈
.......##g......~≈≈.....≈≈≈
.................~~~#...~≈~
#...........#.#.##≈##...†..
##.#.####.###....####..#.##
# S. ...# #.....<..#.....
g. ##### ##...####.##.##
.#. ##..........##
######.#.....


You could see an adder, a goblin and 2 ball pythons.

Vanquished Creatures
  2 dart slugs
  An endoplasm (D:2)
  A giant cockroach (D:1)
  7 jackals
  A quokka (D:2)
  2 ball pythons
  3 bats
  A frilled lizard (D:1)
18 creatures vanquished.

Vanquished Creatures (others)
  16 foxfires
16 creatures vanquished.

Grand Total: 34 creatures vanquished

Notes
Turn   | Place    | Note
-------+----------+-------------------------------------------
     0 | D:1      | ChrisAssaf the Felid Fire Elementalist began the quest for
                  | the Orb.
     0 | D:1      | Reached XP level 1. HP: 7/7 MP: 4/4
   193 | D:1      | Reached XP level 2. HP: 12/12 MP: 3/6
   197 | D:1      | Reached skill level 1 in Conjurations
   200 | D:1      | Learned a level 2 spell: Scorch
   343 | D:2      | Found a faded altar of an unknown god.
   407 | D:2      | Slain by a goblin

Illustrated notes

Levels and vault maps discovered:
D:1:      saegor_arrival_simple_e, layout_basic, minivault_19,
          minmay_misc_feat_roman, minmay_hexomino_c4
D:2:      layout_loops_ring, nicolae_ecumenical_lake_church, uniq_jessica

Skill      XL: |  1  2 |
---------------+-------+-----
Conjurations   | 1 |  1.3
Stealth        | 3 |  3.0
Fire Magic     | 3 |  3.0
Fighting       | |  0.5
Dodging        | |  2.8
Unarmed Combat | |  0.2
Spellcasting   | |  2.2

Action                     || total
---------------------------++-------
  Melee: Unarmed           ||    25
         Bite              ||     5
   Cast: Foxfire           ||    10
         Scorch            ||     8
    Use: Potion            ||     1
   Stab: Sleeping          ||     4
 Armour: Skin              ||     2
  Dodge: Dodged            ||    46
